 Dungeon Crawl Stone Soup version 0.29-a0-512-gf59ac788ac (webtiles) character file.

Game seed: 416173446718414566

1667 Pelinal the Cleaver (level 9, -3/70 HPs)
             Began as a Hill Orc Fighter on May 30, 2022.
             Was an Initiate of Nemelex Xobeh.
             Slain by a yak (13 damage)
             ... on level 7 of the Dungeon.
             The game lasted 00:07:18 (6276 turns).

Pelinal the Cleaver (Hill Orc Fighter)              Turns: 6276, Time: 00:07:19

Health: -3/70      AC:  6    Str: 21    XL:     9   Next: 1%
Magic:  13/13      EV:  9    Int:  8    God:    Nemelex Xobeh [......]
Gold:   197        SH:  6    Dex: 14    Spells: 8/8 levels left

rFire   . . .      SeeInvis .   a - +0 war axe
rCold   + . .      Faith    .   c - +1 buckler
rNeg    . . .      Spirit   .   m - +0 scale mail
rPois   .          Reflect  .   (no helmet)
rElec   .          Harm     .   (no cloak)
rCorr   .          Rampage  .   (no gloves)
Will    .....      Rnd*Tele +   (no boots)
Stlth   ..........              (no amulet)
HPRegen 0.21/turn               u - ring of protection from cold
MPRegen 0.13/turn               (no ring)

@: invisible
A: talons 1, agile 1, teleportitis 1, MP-powered wands
a: Renounce Religion, Draw Escape, Draw Destruction, Draw Summoning


You were on level 7 of the Dungeon.
You worshipped Nemelex Xobeh.
Nemelex Xobeh was noncommittal.
You visited 2 branches of the dungeon, and saw 9 of its levels.

You collected 197 gold pieces.

Inventory:

Hand Weapons
 a - a +0 war axe (weapon)
 b - a +0 hunting sling
Missiles
 i - 12 poisoned darts (quivered)
Armour
 c - a +1 buckler (worn)
 m - a +0 scale mail (worn)
Jewellery
 u - a ring of protection from cold (left hand)
Wands
 A - a wand of iceblast (9)
Scrolls
 f - a scroll of torment {unknown}
 g - a scroll of immolation
 j - a scroll of noise {unknown}
 k - 2 scrolls of magic mapping
 n - a scroll of poison {unknown}
 o - a scroll of summoning {unknown}
 q - a scroll of enchant weapon {unknown}
 s - a scroll of teleportation
 t - a scroll of enchant armour
 w - a scroll of vulnerability {unknown}
 y - a scroll of acquirement {unknown}
Potions
 d - 5 potions of heal wounds {unknown}
 e - 2 potions of curing
 h - 4 potions of attraction
 l - a potion of brilliance {unknown}
 r - 2 potions of ambrosia {unknown}
 v - a potion of mutation
 x - a potion of haste {unknown}
 z - a potion of berserk rage {unknown}


   Skills:
 - Level 3.6 Fighting
 * Level 13.1 Axes
 - Level 3.2 Armour
 - Level 3.2 Shields
 + Level 6.1 Invocations


You had 8 spell levels left.
You didn't know any spells.
Your spell library contained the following spells:

 Spells                   Type           Power      Damage    Failure   Level
 Stone Arrow              Conj/Erth      0%         3d7       99%         3
 Animate Armour           Summ/Erth      0%         N/A       100%        4
 Alistair's Intoxication  Tmut/Pois      0%         N/A       100%        5
 Borgnjor's Vile Clutch   Necr/Erth      0%         N/A       100%        5
 Eringya's Noxious Bog    Tmut/Pois      0%         N/A       100%        6
 Lehudib's Crystal Spear  Conj/Erth      0%         10d2      100%        8


Dungeon Overview and Level Annotations

Branches:
Dungeon (8/15)             Temple (1/1) D:4
   Lair: D:8-11

Altars:
Cheibriados
Dithmenos
Elyvilon
Fedhas
Gozag
Hepliaklqana
Kikubaaqudgha
Makhleb
Nemelex Xobeh
Okawaru
Qazlal
Ru
Sif Muna
Trog
Uskayaw
Vehumet
Wu Jian
Xom
Yredelemnul
Zin
The Shining One


Innate Abilities, Weirdness & Mutations

You have sharp toenails.
You are agile. (Dex +2)
You are occasionally teleported next to monsters.
You expend magic power (3 MP) to strengthen your wands.


Message History

Unknown command.
The yak attacks as you move away! The yak gores you.
The yak attacks as you move away! You block the yak's attack.
There is an open door here.
The yak attacks as you move away! The yak barely misses you.
You hit the yak.
The yak is lightly wounded.
You hit the yak.
The yak is lightly wounded.
The yak gores you but does no damage.
You hit the yak.
The yak is moderately wounded.
You slash the yak!
The yak is moderately wounded.
You barely miss the yak. The yak gores you! You block the yak's attack.
You closely miss the yak.
The yak is moderately wounded.
You slash the yak! The yak barely misses you. The yak gores you.
* * * LOW HITPOINT WARNING * * *
You slash the yak!
The yak is heavily wounded.
You slash the yak! The yak gores you!
* * * LOW HITPOINT WARNING * * *
You block the yak's attack.
Unknown command.
You feel better. The yak gores you but does no damage. The yak gores you.
* * * LOW HITPOINT WARNING * * *
It was a potion of mutation.
You feel extremely strange.
You feel your magical essence link to the dungeon's wands.
You feel agile.
You feel weirdly uncertain.
Your toenails lengthen and sharpen.
The yak gores you but does no damage. The yak gores you!
* * * LOW HITPOINT WARNING * * *
Unknown command.
You feel better. The yak barely misses you. The yak gores you.
* * * LOW HITPOINT WARNING * * *
Unknown command.
You fade into invisibility!
The yak gores you!
You die...
Your body disappears without a glow.

#############
#...........#
#.....Y.....#######
#..#######........#
#..#.....#..#####.#
#..#....Y#..#
##.#....@Y..#
#!#.....#..#####..
#.#######.>.......
#......†..........
########.#.########
#÷#........#
######.#.........
#..[†..#........#
#......##########


You could see 2 yaks.

Vanquished Creatures
  2 yaks (D:7)
  Eustachio (D:5)
  Menkaure (D:4)
  A water moccasin (D:5)
  An ice beast (D:5)
  An ogre (D:3)
  A bullfrog (D:7)
  A necrophage (D:4)
  5 scorpions
  A gnoll sergeant (D:3)
  A gnoll shaman (D:4)
  3 iguanas (D:5)
  8 gnolls
  8 adders
  A white imp (D:4)
  A worm (D:3)
  3 dart slugs
  7 orcs
  2 ball pythons
  9 endoplasms
  3 giant cockroaches
  19 goblins
  6 hobgoblins
  4 jackals (D:4)
  3 quokkas
  4 bats
  A frilled lizard (D:1)
  8 kobolds
  7 rats
113 creatures vanquished.

Vanquished Creatures (others)
  6 plants (D:4)
6 creatures vanquished.

Grand Total: 119 creatures vanquished

Notes
Turn   | Place    | Note
-------+----------+-------------------------------------------
     0 | D:1      | Pelinal the Hill Orc Fighter began the quest for the Orb.
     0 | D:1      | Reached XP level 1. HP: 19/19 MP: 1/1
    29 | D:1      | Reached skill level 3 in Axes
   426 | D:1      | Reached XP level 2. HP: 24/26 MP: 2/2
   596 | D:1      | Reached skill level 4 in Axes
   920 | D:1      | Reached XP level 3. HP: 31/31 MP: 3/3
  1599 | D:2      | Reached skill level 5 in Axes
  1790 | D:2      | Reached XP level 4. HP: 39/39 MP: 4/4
  2145 | D:3      | Reached skill level 6 in Axes
  2445 | D:3      | Reached XP level 5. HP: 38/45 MP: 5/5
  2455 | D:3      | Reached skill level 7 in Axes
  3040 | D:3      | Noticed an ogre
  3045 | D:3      | Reached skill level 8 in Axes
  3045 | D:3      | Reached XP level 6. HP: 50/51 MP: 6/6
  3499 | D:4      | Noticed Menkaure
  3510 | D:4      | Killed Menkaure
  3511 | D:4      | Reached skill level 9 in Axes
  3877 | D:4      | Reached XP level 7. HP: 52/57 MP: 7/7
  4095 | D:4      | Found a staircase to the Ecumenical Temple.
  4104 | Temple   | Entered the Ecumenical Temple
  4130 | Temple   | Became a worshipper of Nemelex Xobeh the Trickster
  4442 | D:3      | Reached skill level 10 in Axes
  4442 | D:3      | Reached skill level 1 in Invocations
  4658 | D:5      | Entered Level 5 of the Dungeon
  4962 | D:5      | Reached skill level 11 in Axes
  4962 | D:5      | Reached XP level 8. HP: 49/64 MP: 10/10
  5553 | D:5      | Noticed Eustachio
  5640 | D:5      | Killed Eustachio
  5641 | D:5      | Reached skill level 12 in Axes
  5885 | D:6      | Reached skill level 5 in Invocations
  5921 | D:6      | You fall into a shaft and drop 2 floors!
  5997 | D:7      | Noticed a yak
  5998 | D:7      | Noticed a yak
  6015 | D:7      | Noticed a yak
  6016 | D:7      | Noticed a yak
  6020 | D:7      | Killed a yak
  6045 | D:7      | Killed a yak
  6046 | D:7      | Reached skill level 13 in Axes
  6046 | D:7      | Reached XP level 9. HP: 24/70 MP: 13/13
  6274 | D:7      | Gained mutation: You expend magic power (3 MP) to
                  | strengthen your wands. [potion of mutation]
  6274 | D:7      | Gained mutation: You are agile. (Dex +2) [potion of
                  | mutation]
  6274 | D:7      | Gained mutation: You are occasionally teleported next to
                  | monsters. [potion of mutation]
  6274 | D:7      | Gained mutation: You have sharp toenails. [potion of
                  | mutation]
  6276 | D:7      | Slain by a yak

Illustrated notes

Levels and vault maps discovered:
D:1:      mrwooster_arrival_statue, layout_basic, hangedman_decor_lopped
D:2:      minmay_angry_zag, layout_basic
D:3:      layout_rooms, minmay_ogre_servants
D:4:      layout_rooms, temple_fountains, serial_bayou_lagoon_a, uniq_menkaure
D:5:      layout_gridville, uniq_eustachio
D:6:      layout_rooms, minmay_mini_ossuary
D:7:      cheibrodos_iron_armory, layout_basic, nrook_mini_vaults,
          chequers_serial_rivers_micro_e, nrook_loot_triangle, minivault_14,
          minmay_unpleasant_kobolds
D:8:      layout_loops_corners, uniq_pikel
Temple:   grunt_wide_crystal_templ

Skill      XL: |  1  2  3  4  5  6  7  8 |
---------------+-------------------------+-----
Axes           | 3 4 5 6 8 9 11 13 | 13.1
Invocations    | 3 6 |  6.1
Fighting       | |  3.6
Armour         | |  3.2
Shields        | |  3.2

Action                   |  1- 3 |  4- 6 |  7- 9 || total
-------------------------+-------+-------+-------++-------
Melee: War axe           |    81 |   138 |   178 ||   397
 Fire: Hunting sling     |    11 |       |       ||    11
Throw: Dart              |       |       |    12 ||    12
  Use: Scroll            |       |     3 |     4 ||     7
       Potion            |       |     2 |     5 ||     7
 Stab: Invisible         |       |       |     5 ||     5
Armor: Scale mail        |    32 |    42 |    51 ||   125
Dodge: Dodged            |    41 |    60 |    71 ||   172
Block: Buckler           |    14 |    36 |    29 ||    79

Table legend: (Time is in decaauts)
 A = Elapsed time spent in this place.
 B = Non-inter-level travel time spent in this place.
 C = Inter-level travel time spent in this place.
 D = Time resting spent in this place.
 E = Time spent auto-exploring this place.
 F = Levels seen in this place.
 G = Mean time per level.
                   A        B        C        D        E       F      G
               +--------+--------+--------+--------+--------+-----+--------+
         Total |   6340 |   6084 |    256 |   1484 |   3614 |   9 |  704.4 |
       Dungeon |   6265 |   6025 |    240 |   1484 |   3574 |   8 |  783.1 |
        Temple |     75 |     59 |     16 |      0 |     40 |   1 |   75.0 |
               +--------+--------+--------+--------+--------+-----+--------+

Top non-repeatable levels by time:
     D:3: 1273 daAuts
     D:1: 1265 daAuts
     D:4: 1246 daAuts
     D:5: 1129 daAuts
     D:2: 882 daAuts
     D:8: 192 daAuts
     D:7: 157 daAuts
     D:6: 118 daAuts
  Temple: 75 daAuts
